 Dungeon Crawl Stone Soup version 0.23.2-1-ga50397a6bc (webtiles) character file.

Game seed: 13402903698846249604

68221 Artanis the Severer (level 15, -6/147 HPs)
             Began as a Hill Orc Fighter on May 19, 2019.
             Was an Elder of Trog.
             Mangled by a vault guard
             ... wielding a cursed -3 battleaxe
              (10 damage)
             ... on level 13 of the Dungeon on May 26, 2019.
             The game lasted 06:15:02 (33931 turns).

Artanis the Severer (Hill Orc Fighter)             Turns: 33931, Time: 06:15:03

Health: -6/147     AC: 18    Str: 26    XL:     15   Next: 25%
Magic:  16/25      EV:  6    Int: 13    God:    Trog [****..]
Gold:   1755       SH:  0    Dex: 12    Spells: 14/14 levels left

rFire    . . .     SeeInvis .   F - +5 battleaxe (freeze)
rCold    + . .     Gourm    .   (shield currently unavailable)
rNeg     + . .     Faith    .   c - +2 plate armour {rPois}
rPois    +         Spirit   .   f - +3 hat of Pondering {ponderous, MR+ MP+10 Int+5}
rElec    .         Reflect  .   b - +0 cloak
rCorr    .         Harm     .   G - +0 pair of gloves
MR       ++...                  W - +0 pair of boots
Stlth    ..........             (no amulet)
HPRegen  0.34/turn              o - ring of positive energy
MPRegen  0.19/turn              U - ring of protection from cold

@: extremely drained, slow
A: agile 1, sense surroundings 1
a: Berserk, Trog's Hand, Brothers in Arms, Renounce Religion


You were on level 13 of the Dungeon.
You worshipped Trog.
Trog was greatly pleased with you.
You were not hungry.

You visited 4 branches of the dungeon, and saw 22 of its levels.
You also visited: Ossuary and Bailey.

You collected 1755 gold pieces.

Inventory:

Hand Weapons
 d - the +10 flail "Jam Jif" {protect, rN+ Dex+2, unknown}
   (You found it on level 13 of the Dungeon)

   It protects the one who uses it against injury (+AC on strike).
   It affects your dexterity (+2).
   It protects you from negative energy.
 F - a +5 battleaxe of freezing (weapon)
 N - a +0 hand crossbow
 O - a +0 executioner's axe
 P - a +3 antimagic war axe
 X - a +4 eveningstar
Missiles
 a - 242 arrows
 p - 85 bolts
Armour
 b - a +0 cloak (worn)
 c - a +2 plate armour of poison resistance (worn)
 f - the +3 hat of Pondering (worn) {ponderous, MR+ MP+10 Int+5}
   (You took it off Gastronok on level 9 of the Dungeon)

   It affects your intelligence (+5).
   It affects your resistance to hostile enchantments.
   It affects your magic capacity (+10).
 u - the +3 ring mail of Kezehiu {rF+++ Int-5 Dex+5}
   (You found it on level 6 of the Dungeon)

   It affects your intelligence (-5).
   It affects your dexterity (+5).
   It renders you almost immune to fire.
 G - a +0 pair of gloves (worn)
 W - a +0 pair of boots (worn)
Jewellery
 e - an uncursed ring of flight
 j - an uncursed ring of protection from cold
 o - a ring of positive energy (left hand)
 v - an uncursed ring of positive energy
 U - a ring of protection from cold (right hand)
 V - an uncursed ring of fire
Wands
 z - a wand of disintegration (7)
 D - a wand of polymorph (10)
 I - a wand of random effects (18)
 L - a wand of flame (14)
 Z - a wand of scattershot (6)
Scrolls
 h - a scroll of fog
 k - 6 scrolls of remove curse
 s - 3 scrolls of enchant armour
 x - 11 scrolls of teleportation
 A - a scroll of summoning
 B - 2 scrolls of silence
 E - 2 scrolls of noise
 J - 3 scrolls of fear
 K - 3 scrolls of enchant weapon
 Q - a scroll of acquirement
 S - a scroll of immolation
 T - 2 scrolls of holy word
 Y - 3 scrolls of magic mapping
Potions
 i - a potion of cancellation
 l - a potion of resistance {unknown}
 m - 8 potions of curing
 n - a potion of agility
 q - 4 potions of haste
 r - 3 potions of lignification
 t - 3 potions of magic
 y - a potion of invisibility
 H - 3 potions of heal wounds
 R - 2 potions of ambrosia
Miscellaneous
 M - a phantom mirror
Comestibles
 w - 16 rations


   Skills:
 + Level 17.1(0.0) Fighting
 * Level 19.6(0.0) Axes
   Level 0.0 Bows
 + Level 15.9(0.0) Armour
   Level 3.2(0.0) Shields


You had 14 spell levels left.
You didn't know any spells.
Your spell library contained the following spells:

 Spells                   Type           Power        Failure   Level  Hunger
 Animate Skeleton         Necr           N/A          99%         1    ##.....
 Magic Dart               Conj           #...         99%         1    ##.....
 Pain                     Necr           #...         99%         1    ##.....
 Blink                    Tloc           N/A          100%        2    ###....
 Call Imp                 Summ           #.......     100%        2    ###....
 Slow                     Hex            #.......     100%        2    ###....
 Conjure Flame            Conj/Fire      #.......     100%        3    ####...
 Mephitic Cloud           Conj/Pois/Air  #.......     100%        3    ####...
 Bolt of Fire             Conj/Fire      #.........   100%        6    #######
 Death Channel            Necr           #.........   100%        6    #######


Dungeon Overview and Level Annotations

Branches:
Dungeon (13/15)            Temple (1/1) D:4            Lair (6/6) D:8
  Swamp (0/4) Lair:4        Snake (0/4) Lair:3          Orc (2/2) D:10
    Elf (0/3) Orc:2
  Slime: Lair:5-6    Vaults: D:13-14

Altars:
Dithmenos
Elyvilon
Fedhas
Gozag
Hepliaklqana
Okawaru
Qazlal
Ru
Trog
Uskayaw
Vehumet
Yredelemnul
Zin
The Shining One
Beogh

Shops:
D:12 }   Orc:2 =*=([

Annotations:
Lair:3 exclusion: oklob plant
Lair:6 Sonja


Innate Abilities, Weirdness & Mutations

You are agile. (Dex +2)
You passively map a small area around you.


Message History

Your +0 pair of gloves unmelds from your body.
Your +0 pair of boots unmelds from your body.
Your +2 plate armour of poison resistance unmelds from your body.
You feel rather ponderous.
You feel resistant to poison.
You recover from your berserk rage.
The vault guard hits you with a cursed -3 battleaxe!
* * * LOW HITPOINT WARNING * * *
You closely miss the vault guard.
The vault guard is moderately wounded.
The vault guard hits you but does no damage.
You hit the vault guard but do no damage.
The vault guard is moderately wounded.
The vault guard hits you with a cursed -3 battleaxe!
* * * LOW HITPOINT WARNING * * *
You barely miss the vault guard.
The vault guard is moderately wounded.
The vault guard hits you with a cursed -3 battleaxe!
* * * LOW HITPOINT WARNING * * *
The vault guard hits you with a cursed -3 battleaxe!
You die...

### ####
#..#...#
#...)..##
*#.@....#
#.p......#
#......^.#
##.......#
##.....##
...### * *
# .... ,,
* ,..... ∩
,,


You could see a vault guard.

Vanquished Creatures
  Gastronok (D:9)
  An orc warlord (Orc:2)
  Snorg (Orc:1)
  Josephine (Lair:5)
  2 hydras
  2 vault guards (D:13)
  A catoblepas (Lair:6)
  3 two-headed ogres
  2 orc high priests (Orc:2)
  Urug (Lair:3)
  An unseen horror (D:13)
  6 orc knights
  A lindwurm (Lair:6)
  2 ugly things
  A wolf spider zombie (D:13)
  6 orc sorcerers
  Maurice (Orc:1)
  10 elephants
  8 spiny frogs
  3 gargoyles
  4 centaur zombies (D:13)
  7 black mambas
  A kobold demonologist (D:8)
  3 rime drakes
  9 komodo dragons
  A queen bee (Lair:3)
  3 hornets (D:9)
  7 trolls
  A tyrant leech (Lair:4)
  Prince Ribbit (D:8)
  13 blink frogs
  3 polar bears
  A meliai zombie (D:13)
  7 hippogriffs
  Sigmund (D:5)
  34 yaks
  5 wraiths
  5 basilisks
  6 wyverns
  6 hogs (D:12)
  Grum (D:8)
  A hungry ghost (D:6)
  A naga (Lair:3)
  4 wargs
  A soldier ant (D:12)
  A swamp worm (Lair:4)
  2 acid dragons
  7 water moccasins
  4 black bears
  A hell hound (Lair:6)
  8 porcupines
  3 ice beasts
  9 ogres
  30 orc warriors
  A phantom (D:11)
  4 sky beasts
  2 necrophages
  4 wolves (D:8)
  8 centaurs
  10 crocodiles
  16 big kobolds
  2 elf zombies (Ossuary)
  15 bullfrogs
  A gnoll sergeant (D:8)
  A water moccasin zombie (D:10)
  2 scorpions
  14 killer bees (Lair:3)
  13 wights
  2 electric eels (Lair:1)
  8 howler monkeys
  3 jellies
  5 crimson imps
  2 human zombies (Ossuary)
  7 orc priests
  4 hounds
  4 centaur skeletons
  4 bullfrog skeletons
  21 orc wizards
  6 hell rats
  3 iguanas
  11 worker ants
  2 hound zombies
  A hound skeleton (D:10)
  2 mummies (Ossuary)
  A worker ant zombie (D:7)
  A howler monkey zombie (D:6)
  8 gnolls
  2 howler monkey skeletons
  A river rat (Lair:6)
  12 adders
  2 shadow imps
  An ooze (D:1)
  3 adder skeletons
  5 adder zombies
  3 worms
  5 dart slugs
  10 leopard geckos
  92 orcs
  A ball python (D:3)
  3 giant cockroaches
  13 goblins
  5 hobgoblins
  3 jackals
  3 quokkas
  7 bats
  2 frilled lizards
  2 goblin zombies (Ossuary)
  8 hobgoblin zombies (Ossuary)
  A jackal zombie (Ossuary)
  19 kobolds
  7 kobold zombies (Ossuary)
  2 leopard gecko skeletons
  12 orc zombies (Ossuary)
  7 rats
  A rat zombie (Ossuary)
  3 fungi
  3 plants (Lair:3)
671 creatures vanquished.

Vanquished Creatures (collateral kills)
  5 hydras
  Erica (D:8)
  2 elephants (Lair:5)
  A black mamba (Lair:6)
  3 yaks
  2 soldier ants (D:9)
  A porcupine (Lair:3)
  A water moccasin (Lair:3)
  2 orc warriors (Bailey)
  A crocodile (Lair:6)
  5 killer bees (Lair:3)
24 creatures vanquished.

Vanquished Creatures (others)
  Kirke (D:12)
  58 fungi
  30 plants
89 creatures vanquished.

Grand Total: 784 creatures vanquished

Notes
Turn   | Place    | Note
-------+----------+-------------------------------------------
     0 | D:1      | Artanis the Hill Orc Fighter began the quest for the Orb.
     0 | D:1      | Reached XP level 1. HP: 19/19 MP: 1/1
    90 | D:1      | Reached skill level 3 in Axes
   102 | D:1      | Reached XP level 2. HP: 27/27 MP: 2/2
   367 | D:1      | Reached XP level 3. HP: 33/33 MP: 3/3
  1239 | D:2      | Reached XP level 4. HP: 29/41 MP: 4/4
  1517 | D:2      | Reached skill level 4 in Axes
  1940 | D:2      | Reached XP level 5. HP: 32/47 MP: 5/5
  2392 | D:3      | Reached skill level 5 in Fighting
  2888 | D:3      | Reached skill level 5 in Axes
  3231 | D:4      | Reached skill level 5 in Armour
  3231 | D:4      | Reached XP level 6. HP: 49/56 MP: 6/6
  3236 | D:4      | Found a staircase to the Ecumenical Temple.
  3252 | Temple   | Entered the Ecumenical Temple
  3499 | Temple   | Became a worshipper of Trog the Wrathful
  3671 | D:4      | Found a sand-covered staircase.
  3675 | Ossuary  | Entered an ossuary
  4007 | Ossuary  | Reached * piety under Trog
  4007 | Ossuary  | Reached skill level 6 in Axes
  4007 | Ossuary  | Reached XP level 7. HP: 52/63 MP: 7/7
  4733 | D:4      | Reached skill level 7 in Axes
  4733 | D:4      | Reached XP level 8. HP: 73/73 MP: 8/8
  4974 | D:4      | Reached ** piety under Trog
  5513 | D:5      | Entered Level 5 of the Dungeon
  5589 | D:5      | Gained mutation: You passively map a small area around you.
                  | [potion of mutation]
  5589 | D:5      | Gained mutation: You are agile. (Dex +2) [potion of
                  | mutation]
  5601 | D:5      | Noticed Sigmund
  5997 | D:5      | Reached skill level 8 in Axes
  6165 | D:5      | Killed Sigmund
  6505 | D:6      | Found a hide-covered altar of Uskayaw.
  6585 | D:6      | Reached XP level 9. HP: 69/82 MP: 9/9
  6665 | D:6      | Got a polished ring mail
  6680 | D:6      | Identified the +3 ring mail of Kezehiu {rF+++ Int-5 Dex+5}
                  | (You found it on level 6 of the Dungeon)
  6708 | D:6      | Reached skill level 9 in Axes
  6733 | D:6      | Reached *** piety under Trog
  7015 | D:6      | Identified the Guide on Flamy Black Magic
  7852 | D:7      | Reached skill level 10 in Axes
  8508 | D:7      | Reached skill level 10 in Fighting
  8722 | D:7      | Reached XP level 10. HP: 93/93 MP: 10/10
  9022 | D:7      | Found a bloodstained altar of Trog.
  9509 | D:8      | Noticed Prince Ribbit
  9513 | D:8      | Killed Prince Ribbit
  9513 | D:8      | Reached skill level 11 in Axes
  9983 | D:8      | Found a staircase to the Lair.
 10035 | D:8      | Reached **** piety under Trog
 10129 | D:8      | Reached skill level 10 in Armour
 10698 | D:8      | Noticed a kobold demonologist
 10728 | D:8      | Reached ***** piety under Trog
 10728 | D:8      | Reached skill level 12 in Axes
 10756 | D:8      | Noticed a sixfirhy
 10762 | D:8      | Killed a kobold demonologist
 10921 | D:8      | Noticed Erica
 10936 | D:8      | Killed Erica
 10936 | D:8      | Reached XP level 11. HP: 91/104 MP: 11/11
 11418 | D:8      | Noticed Grum
 11430 | D:8      | Killed Grum
 12028 | D:9      | Found a flagged portal.
 12037 | Bailey   | Entered a bailey
 12805 | Bailey   | Noticed an orc knight
 12829 | Bailey   | Killed an orc knight
 13165 | D:9      | Reached skill level 13 in Axes
 13192 | D:9      | Noticed Gastronok
 13214 | D:9      | Killed Gastronok
 13353 | D:9      | Paralysed by a hornet for 1 turns
 13879 | D:9      | Found a white marble altar of Elyvilon.
 14135 | D:10     | Entered Level 10 of the Dungeon
 14296 | D:10     | Reached XP level 12. HP: 98/115 MP: 12/12
 14512 | D:10     | Reached skill level 14 in Axes
 15308 | D:10     | Found a staircase to the Orcish Mines.
 15541 | D:11     | Got a smelly ring mail
 15552 | D:11     | Identified the +3 ring mail "Nonug" {rN+ Str+2 SInv Stlth-}
                  | (You found it on level 11 of the Dungeon)
 15730 | D:11     | Noticed a two-headed ogre
 15735 | D:11     | Killed a two-headed ogre
 15823 | D:11     | Received a gift from Trog
 16740 | D:12     | Found Puaj's Gadget Shoppe.
 16808 | D:12     | Noticed a two-headed ogre
 16817 | D:12     | Killed a two-headed ogre
 16850 | D:12     | Noticed a two-headed ogre
 16862 | D:12     | Killed a two-headed ogre
 16862 | D:12     | Reached skill level 15 in Axes
 17498 | D:12     | Identified a scroll of acquirement
 18292 | Lair:1   | Entered Level 1 of the Lair of Beasts
 18405 | Lair:1   | Reached XP level 13. HP: 115/125 MP: 13/13
 20610 | Lair:2   | Reached skill level 15 in Fighting
 21278 | Lair:3   | Reached skill level 16 in Axes
 22010 | Lair:3   | Found a staircase to the Snake Pit.
 22209 | Lair:3   | Noticed Urug
 22237 | Lair:3   | Killed Urug
 23576 | Lair:4   | Got an ichor-stained leather armour
 23587 | Lair:4   | Identified the +3 leather armour "Adoptyusa" {MR+ Str+2
                  | SInv} (You found it on level 4 of the Lair of Beasts)
 23630 | Lair:4   | Found a staircase to the Swamp.
 24338 | Lair:4   | Reached skill level 17 in Axes
 24717 | Lair:4   | Reached XP level 14. HP: 130/136 MP: 14/14
 25099 | Lair:5   | Noticed Josephine
 25230 | Lair:5   | Killed Josephine
 26457 | Orc:1    | Entered Level 1 of the Orcish Mines
 26652 | Orc:2    | Entered Level 2 of the Orcish Mines
 26693 | Orc:2    | Noticed an orc warlord
 26971 | Orc:2    | Killed an orc warlord
 26971 | Orc:2    | Reached skill level 15 in Armour
 27217 | Orc:2    | Found Dicoi's Antique Armour Shoppe.
 27633 | Orc:2    | Found a roughly hewn altar of Beogh.
 27684 | Orc:1    | Noticed Maurice
 27692 | Orc:1    | Killed Maurice
 27772 | Orc:1    | Received a gift from Trog
 27779 | Orc:1    | Reached skill level 18 in Axes
 27784 | Orc:1    | Noticed Snorg
 27793 | Orc:1    | Killed Snorg
 27968 | Orc:2    | Found a staircase to the Elven Halls.
 27977 | Orc:2    | Found Ably's Antique Weapon Shop.
 28567 | Orc:2    | Found Elen's General Store.
 28877 | Orc:2    | Found Miodapren's Jewellery Emporium.
 28878 | Orc:2    | Paralysed by an orc sorcerer for 6 turns
 29390 | Orc:2    | Found Rasum's Jewellery Shoppe.
 30009 | Lair:6   | Entered Level 6 of the Lair of Beasts
 30833 | Lair:5   | Reached skill level 19 in Axes
 30915 | Lair:5   | Received a gift from Trog
 31146 | Lair:6   | Reached XP level 15. HP: 116/146 MP: 15/15
 31261 | Lair:6   | Noticed Sonja
 32903 | D:13     | Noticed Kirke
 33158 | D:12     | Killed Kirke
 33474 | D:13     | Got a polished flail
 33931 | D:13     | HP: 4/147 [vault guard/cursed -3 battleaxe (14)]
 33931 | D:13     | Mangled by a vault guard

Skill      XL: |  1  2  3  4  5  6  7  8  9 10 11 12 13 14 15 |
---------------+----------------------------------------------+-----
Axes           | 3 4 5 6 7 8 10 12 13 15 17 19 | 19.6
Fighting       | 4 5 6 7 8 10 11 13 14 15 16 17 | 17.1
Armour         | 4 5 6 7 9 10 12 13 14 15 | 15.9
Shields        | |  3.2

Action                   |  1- 3 |  4- 6 |  7- 9 | 10-12 | 13-15 || total
-------------------------+-------+-------+-------+-------+-------++-------
Melee: War axe           |    87 |   201 |   374 |       |       ||   662
       Battleaxe         |       |       |     8 |   538 |   839 ||  1385
       Mace              |       |       |       |       |    34 ||    34
       Unarmed           |       |       |       |       |     7 ||     7
 Fire: Shortbow          |       |       |     3 |    43 |       ||    46
       Hand crossbow     |       |       |       |   100 |    43 ||   143
Invok: Berserk           |       |       |     5 |     1 |     3 ||     9
       Brothers in Arms  |       |       |       |     7 |    14 ||    21
Evoke: Wand              |       |       |     2 |    21 |     3 ||    26
  Use: Scroll            |       |     4 |     9 |    10 |     9 ||    32
       Potion            |       |     5 |     2 |     5 |     4 ||    16
  Eat: Ration            |     1 |     2 |     7 |     9 |    16 ||    35
       Chunk             |       |       |       |     3 |     6 ||     9
Armor: Scale mail        |    34 |    59 |    49 |       |       ||   142
       Ring mail         |       |       |    75 |   248 |       ||   323
       Plate armour      |       |       |       |     4 |   915 ||   919
       Skin              |       |       |       |       |    32 ||    32
Dodge: Dodged            |    28 |    57 |    93 |   245 |   394 ||   817
Block: Shield            |    47 |    83 |   160 |       |       ||   290
